[ AOE2 MATCH · #506615800 ]
UnrankedSicilians vs Slavs
Player's team · WIN
Rival team · LOSS
[ REPLAY ANALYSIS · EXTRACTED FROM THE RECORDED GAME ]
Feudal
10:13
Castle
—
Imperial
—
| APM avg | 43.8 |
| APM peak | 73 |
| eAPM avg | 20.2 |
| Villagers / military | 49 / 21 |
Focus
⚔️ 22.4% · 🌾 77.6%
Serjeant ×14 · Spearman ×7
Feudal
9:04
Castle
—
Imperial
—
| APM avg | 75.0 |
| APM peak | 110 |
| eAPM avg | 31.3 |
| Villagers / military | 47 / 14 |
Focus
⚔️ 35.2% · 🌾 64.8%
Scout Cavalry ×12 · Spearman ×2
Match map
Initial resources + every placement click. Lines = walls · curves = elevation contours. ◆ gold · ⬟ stone · ● berries · ✦ relic · ◌ wall gap
Your base· Open — 4t gap
午安小丑's base· Open — 4t gap
Smoothed initial terrain · ◌ = detected wall gap · hover for details
Inputs per minute
— Jacus - - 午安小丑
Build order — Jacus
121 actions detected in the replay
| 0:00 | Queue | Villager (Male) |
| 0:01 | Queue | Villager (Male) |
| 0:02 | Build | House |
| 0:14 | Build | House |
| 0:22 | Queue | Villager (Male) |
| 0:23 | Queue | Villager (Male) |
| 0:23 | Queue | Villager (Male) |
| 0:39 | Research | Loom |
| 0:39 | Queue | Villager (Male) |
| 0:40 | Queue | Villager (Male) |
| 1:32 | Queue | Villager (Male) |
| 1:33 | Queue | Villager (Male) |
| 2:00 | Queue | Villager (Male) |
| 2:44 | Queue | Villager (Male) |
| 2:45 | Queue | Villager (Male) |
| 2:47 | Build | House |
| 2:49 | Build | Lumber Camp |
| 3:18 | Queue | Villager (Male) |
| 3:18 | Queue | Villager (Male) |
| 3:18 | Queue | Villager (Male) |
| 4:11 | Queue | Villager (Male) |
| 4:41 | Queue | Villager (Male) |
| 4:41 | Queue | Villager (Male) |
| 4:53 | Queue | Villager (Male) |
| 5:12 | Build | Mill |
| 5:23 | Queue | Villager (Male) |
| 5:24 | Queue | Villager (Male) |
| 5:24 | Queue | Villager (Male) |
| 5:36 | Build | Mill |
| 6:11 | Queue | Villager (Male) |
| 6:39 | Build | House |
| 6:44 | Queue | Villager (Male) |
| 7:38 | Queue | Villager (Male) |
| 8:00 | Research | Feudal Age |
| 8:01 | Research | Feudal Age |
| 8:17 | Build | Mining Camp |
| 9:43 | Queue | Villager (Male) |
| 9:43 | Queue | Villager (Male) |
| 10:03 | Build | Donjon |
| 10:13 | Age | Feudal Age |
| 10:14 | Build | House |
| 10:15 | Queue | Villager (Male) |
| 10:18 | Build | Palisade Wall |
| 10:44 | Queue | Villager (Male) |
| 10:45 | Queue | Villager (Male) |
| 10:49 | Research | Double-Bit Axe |
| 10:50 | Research | Double-Bit Axe |
| 11:13 | Queue | Villager (Male) |
| 11:29 | Queue | Serjeant |
| 11:29 | Queue | Serjeant |
| 11:44 | Queue | Villager (Male) |
| 11:51 | Research | Horse Collar |
| 11:54 | Build | House |
| 11:58 | Build | House |
| 12:02 | Research | Wheelbarrow |
| 12:32 | Queue | Serjeant |
| 12:32 | Queue | Serjeant |
| 12:36 | Build | Farm |
| 12:53 | Queue | Serjeant |
| 13:01 | Queue | Villager (Male) |
| 13:18 | Queue | Spearman |
| 13:28 | Build | Farm |
| 13:28 | Build | Farm |
| 13:29 | Build | Farm |
| 13:29 | Build | Farm |
| 13:35 | Build | Farm |
| 13:38 | Build | Farm |
| 13:40 | Build | Farm |
| 13:41 | Queue | Villager (Male) |
| 14:04 | Queue | Spearman |
| 14:04 | Queue | Serjeant |
| 14:05 | Queue | Villager (Male) |
| 14:33 | Queue | Villager (Male) |
| 14:40 | Build | Donjon |
| 14:59 | Queue | Villager (Male) |
| 15:01 | Build | Farm |
| 15:01 | Build | Farm |
| 15:02 | Build | Farm |
| 15:02 | Build | Farm |
| 15:02 | Build | Farm |
| 15:38 | Queue | Villager (Male) |
| 15:42 | Queue | Spearman |
| 15:50 | Queue | Spearman |
| 15:52 | Queue | Villager (Male) |
| 15:54 | Build | House |
| 15:56 | Build | Farm |
| 16:10 | Queue | Villager (Male) |
| 16:27 | Queue | Serjeant |
| 16:30 | Build | House |
| 16:31 | Queue | Villager (Male) |
| 16:35 | Build | Farm |
| 17:27 | Queue | Villager (Male) |
| 17:28 | Queue | Villager (Male) |
| 17:30 | Queue | Serjeant |
| 17:31 | Queue | Serjeant |
| 17:58 | Queue | Villager (Male) |
| 18:19 | Queue | Villager (Male) |
| 18:20 | Queue | Spearman |
| 18:21 | Queue | Spearman |
| 18:23 | Build | Farm |
| 18:23 | Build | Farm |
| 18:23 | Build | Farm |
| 18:23 | Build | Farm |
| 18:26 | Build | House |
| 18:42 | Queue | Serjeant |
| 18:42 | Queue | Serjeant |
| 18:42 | Queue | Serjeant |
| 18:57 | Queue | Serjeant |
| 18:58 | Queue | Villager (Male) |
| 19:11 | Build | Blacksmith |
| 19:14 | Queue | Villager (Male) |
| 19:40 | Build | Donjon |
| 19:44 | Queue | Spearman |
| 19:45 | Queue | Villager (Male) |
| 19:47 | Research | Scale Mail Armor |
| 19:54 | Build | Market |
| 19:58 | Build | Farm |
| 20:05 | Queue | Serjeant |
| 20:06 | Queue | Villager (Male) |
| 20:12 | Build | Farm |
| 20:15 | Build | House |
Build order — 午安小丑
101 actions detected in the replay
| 0:00 | Queue | Villager (Male) |
| 0:00 | Queue | Villager (Male) |
| 0:02 | Build | House |
| 0:03 | Build | House |
| 0:26 | Queue | Villager (Male) |
| 0:26 | Queue | Villager (Male) |
| 1:42 | Queue | Villager (Male) |
| 1:42 | Queue | Villager (Male) |
| 1:54 | Queue | Villager (Male) |
| 2:10 | Build | Lumber Camp |
| 2:23 | Queue | Villager (Male) |
| 2:23 | Queue | Villager (Male) |
| 2:48 | Queue | Villager (Male) |
| 2:48 | Queue | Villager (Male) |
| 3:14 | Queue | Villager (Male) |
| 3:14 | Queue | Villager (Male) |
| 3:45 | Queue | Villager (Male) |
| 3:45 | Queue | Villager (Male) |
| 4:02 | Build | House |
| 4:14 | Queue | Villager (Male) |
| 4:38 | Queue | Villager (Male) |
| 4:38 | Queue | Villager (Male) |
| 4:43 | Build | House |
| 4:48 | Queue | Villager (Male) |
| 4:48 | Queue | Villager (Male) |
| 5:29 | Queue | Villager (Male) |
| 5:39 | Build | Mill |
| 5:46 | Queue | Villager (Male) |
| 5:50 | Research | Loom |
| 6:54 | Research | Feudal Age |
| 8:21 | Build | Barracks |
| 8:45 | Queue | Villager (Male) |
| 9:04 | Age | Feudal Age |
| 9:08 | Build | Stable |
| 9:13 | Queue | Spearman |
| 9:20 | Queue | Villager (Male) |
| 9:34 | Queue | Spearman |
| 9:46 | Queue | Scout Cavalry |
| 9:51 | Queue | Villager (Male) |
| 10:02 | Queue | Scout Cavalry |
| 10:16 | Queue | Villager (Male) |
| 10:26 | Queue | Scout Cavalry |
| 10:53 | Queue | Scout Cavalry |
| 10:53 | Queue | Villager (Male) |
| 11:14 | Queue | Villager (Male) |
| 11:25 | Queue | Villager (Male) |
| 11:37 | Research | Double-Bit Axe |
| 12:08 | Queue | Villager (Male) |
| 12:19 | Build | Blacksmith |
| 12:23 | Build | Farm |
| 12:26 | Build | Farm |
| 12:27 | Build | Farm |
| 12:27 | Build | Farm |
| 12:34 | Queue | Villager (Male) |
| 12:51 | Build | Farm |
| 12:52 | Build | Farm |
| 12:53 | Queue | Villager (Male) |
| 12:55 | Build | Farm |
| 12:59 | Queue | Scout Cavalry |
| 13:11 | Build | House |
| 13:14 | Research | Forging |
| 13:18 | Build | Farm |
| 13:21 | Build | Farm |
| 13:31 | Queue | Villager (Male) |
| 13:36 | Build | Farm |
| 13:39 | Build | Farm |
| 13:42 | Build | Farm |
| 13:53 | Queue | Scout Cavalry |
| 14:05 | Queue | Villager (Male) |
| 14:16 | Build | House |
| 14:26 | Queue | Scout Cavalry |
| 14:26 | Queue | Villager (Male) |
| 14:31 | Build | House |
| 14:43 | Build | Farm |
| 14:59 | Queue | Villager (Male) |
| 15:02 | Build | Farm |
| 15:21 | Queue | Villager (Male) |
| 15:26 | Queue | Villager (Male) |
| 15:27 | Build | Farm |
| 15:34 | Queue | Villager (Male) |
| 15:50 | Queue | Villager (Male) |
| 15:54 | Build | Farm |
| 15:56 | Build | Farm |
| 16:01 | Queue | Scout Cavalry |
| 16:03 | Queue | Villager (Male) |
| 16:23 | Research | Scale Barding Armor |
| 16:24 | Queue | Scout Cavalry |
| 16:37 | Build | Mining Camp |
| 17:01 | Build | Farm |
| 17:16 | Queue | Villager (Male) |
| 17:38 | Queue | Scout Cavalry |
| 17:46 | Queue | Villager (Male) |
| 18:09 | Queue | Scout Cavalry |
| 18:09 | Queue | Villager (Male) |
| 18:16 | Queue | Villager (Male) |
| 18:19 | Queue | Scout Cavalry |
| 18:23 | Queue | Villager (Male) |
| 18:45 | Build | Watch Tower |
| 19:10 | Queue | Villager (Male) |
| 19:38 | Build | Farm |
| 19:44 | Build | Market |
Match timeline
| 8:21 | 午安小丑 · first_building Barracks |
| 9:04 | 午安小丑 · age_up feudal |
| 9:08 | 午安小丑 · first_building Stable |
| 10:03 | Jacus · first_building Donjon |
| 10:13 | Jacus · age_up feudal |
| 10:18 | Jacus · wall_segment Palisade Wall x1 |
| 20:36 | 午安小丑 · resign |
[ AI ANALYSIS · 1 CREDIT ]
What really happened in this match?
Wolo.gg analyzes every decision: build order, eco, micro, common mistakes by bracket. Personalized analysis on WhatsApp or Discord in 30 seconds.
Civ guide
Sicilians
Perfil
Jugador #365065